 Dungeon Crawl Stone Soup version 0.24-a0-361-g57161393b2 (webtiles) character file.

Game seed: 1345823772468871579

238 Azzok the Chopper (level 6, -4/51 HPs)
             Began as a Ghoul Monk on May 26, 2019.
             Slain by an iguana (9 damage)
             ... on level 3 of the Dungeon.
             The game lasted 00:04:09 (4052 turns).

Azzok the Chopper (Ghoul Monk)                      Turns: 4052, Time: 00:04:10

Health: -4/51      AC:  6    Str: 17    XL:     6   Next: 7%
Magic:  5/5        EV: 11    Int:  5    God:
Gold:   102        SH:  0    Dex: 11    Spells: 5/5 levels left

rFire    . . .     SeeInvis .   a - +0 hand axe
rCold    + . .     Gourm    .   (no shield)
rNeg     + + +     Faith    .   q - +0 ring mail
rPois    ∞         Spirit   .   i - +0 helmet
rElec    .         Reflect  .   (no cloak)
rCorr    .         Harm     .   (no gloves)
MR       .....                  (no boots)
Stlth    +.........             (no amulet)
HPRegen  0.00/turn              (no ring)
MPRegen  0.09/turn              (no ring)

@: rotting, hasted, very quick
A: rotting body, claws 1, carnivore, cold resistance 1, negative energy
resistance 3, inhibited regeneration, torment resistance, unbreathing
a: no special abilities


You were on level 3 of the Dungeon.
You were not hungry.

You visited 1 branch of the dungeon, and saw 4 of its levels.

You collected 102 gold pieces.

Inventory:

Hand Weapons
 a - a +0 hand axe (weapon)
 j - a +3 dagger
Armour
 i - a +0 helmet (worn)
 q - a +0 ring mail (worn)
Scrolls
 d - 2 scrolls of immolation {unknown}
 f - 2 scrolls of remove curse {unknown}
 k - a scroll of enchant weapon {unknown}
 l - a scroll of blinking {unknown}
 m - a scroll of identify {unknown}
 p - a scroll of random uselessness {unknown}
 t - 2 scrolls of teleportation {unknown}
 u - 2 scrolls of amnesia {unknown}
Potions
 e - a potion of brilliance {unknown}
 g - a potion of might {unknown}
 h - 3 potions of curing
 n - a potion of magic {unknown}
 o - a potion of resistance {unknown}
 r - a potion of experience {unknown}
 s - a potion of haste
 v - a potion of degeneration {unknown}
Comestibles
 c - 2 rations


   Skills:
 - Level 3.2 Fighting
 + Level 6.0 Axes
 - Level 2.6 Dodging
 - Level 2.1 Stealth


You had 5 spell levels left.
You didn't know any spells.
Your spell library was empty.

Dungeon Overview and Level Annotations

Branches:
Dungeon (4/15)
 Temple: D:4-7

Altars:
Qazlal
The Shining One


Innate Abilities, Weirdness & Mutations

Your body is rotting away.
You thrive on raw meat.
You are immune to poison.
You have sharp fingernails.
You are carnivorous and can eat meat at any time.
Your flesh is cold resistant. (rC+)
You are immune to negative energy. (rN+++)
You do not regenerate when monsters are visible.
You are immune to unholy pain and torment.
You can survive without breathing.


Message History

The iguana bites you.
You barely miss the iguana.
The iguana is lightly wounded.
The iguana bites you!
* * * LOW HITPOINT WARNING * * *
You completely miss the iguana.
The iguana is lightly wounded.
The iguana bites you but does no damage.
It was a potion of haste.
You feel yourself speed up.
The iguana bites you but does no damage.
You closely miss the iguana.
The iguana is lightly wounded.
The iguana bites you!
* * * LOW HITPOINT WARNING * * *
You barely miss the iguana.
The iguana is lightly wounded.
You hit the iguana.
The iguana is heavily wounded.
The iguana bites you!
You die...

▒▒▒▒▒▒ ▒▒▒····▒
▒▒▒▒▒▒▒ ▒·'·♣··▒
▒······ ▒l▒·†♣
▒·▒▒▒▒▒ ▒@▒····▒
▒·▒
▒·▒▒▒▒▒▒▒▒▒▒·▒▒▒▒▒
▒·▒▒▒····÷·······▒
▒▒·▒·▒▒▒▒▒▒▒······
▒▒·▒▒ ▒······ ▒·▒
▒······ ▒·▒
▒·▒···▒ ▒·▒
▒·▒▒·▒▒ ▒·▒
▒·▒····


You could see an iguana.

Vanquished Creatures
  A centaur (D:4)
  A hound (D:4)
  Robin (D:3)
  3 adders
  A shadow imp (D:3)
  An ooze (D:3)
  2 worms
  4 dart slugs
  2 leopard geckos
  An orc (D:4)
  3 giant cockroaches
  13 goblins
  3 hobgoblins
  3 quokkas
  8 bats
  5 frilled lizards
  5 kobolds
  4 rats
61 creatures vanquished.

Notes
Turn   | Place    | Note
-------+----------+-------------------------------------------
     0 | D:1      | Azzok the Ghoul Monk began the quest for the Orb.
     0 | D:1      | Reached XP level 1. HP: 19/19 MP: 0/0
   103 | D:1      | Reached skill level 3 in Axes
   146 | D:1      | Reached XP level 2. HP: 25/26 MP: 1/1
  1361 | D:2      | Reached XP level 3. HP: 29/31 MP: 2/2
  2200 | D:2      | Reached skill level 4 in Axes
  2854 | D:3      | Noticed Robin
  2862 | D:2      | Reached XP level 4. HP: 24/37 MP: 3/3
  3017 | D:3      | Killed Robin
  3298 | D:3      | You fall into a shaft and drop 1 floor!
  3298 | D:4      | Found a glowing golden altar of the Shining One.
  3298 | D:4      | Found a stormy altar of Qazlal.
  3299 | D:4      | Noticed a centaur
  3329 | D:4      | Reached skill level 5 in Axes
  3329 | D:4      | Reached XP level 5. HP: 28/45 MP: 4/4
  3335 | D:4      | Killed a centaur
  3569 | D:3      | Reached XP level 6. HP: 42/51 MP: 5/5
  3659 | D:3      | Reached skill level 6 in Axes
  4052 | D:3      | Slain by an iguana

Levels and vault maps discovered:
D:1:      dpeg_arrival_water_fire, layout_loops_corners
D:2:      wander_river, layout_basic
D:3:      layout_loops_ring, kennysheep_generic_room_14, uniq_robin
D:4:      minmay_inner_zag, layout_loops_ring, grunt_temple_overflow_open,
          serial_shops, nicolae_shop_statue_plus

Skill      XL: |  1  2  3  4  5  6 |
---------------+-------------------+-----
Axes           | 3 4 5 6 |  6.0
Fighting       | |  3.2
Dodging        | |  2.6
Stealth        | |  2.1

Action                   |  1- 3 |  4- 6 || total
-------------------------+-------+-------++-------
Melee: Hand axe          |    59 |     8 ||    67
       Dagger            |    90 |   141 ||   231
  Use: Potion            |       |     2 ||     2
 Stab: Sleeping          |     5 |     2 ||     7
  Eat: Chunk             |     6 |    15 ||    21
Armor: Robe              |    30 |       ||    30
       Ring mail         |     7 |    45 ||    52
Dodge: Dodged            |    75 |    74 ||   149

Table legend:
 A = Non-vault XP
 B = Vault XP
 C = Vault XP percentage of total XP
 D = Non-vault monster count
 E = Vault monster count
 F = Vault count percentage of total count
                 A         B        C        D         E       F
            +---------+---------+-------+---------+---------+-------
      Total |     306 |      35 |  10.3 |      51 |      10 |  16.4
            +---------+---------+-------+---------+---------+-------
        D:1 |      33 |       0 |   0.0 |      16 |       0 |   0.0
        D:2 |      39 |       4 |   9.3 |      15 |       2 |  11.8
        D:3 |      55 |      31 |  36.0 |      15 |       8 |  34.8
        D:4 |     179 |       0 |   0.0 |       5 |       0 |   0.0
            +---------+---------+-------+---------+---------+-------
